 Dungeon Crawl Stone Soup version 0.25-a0-265-g7af84ae (webtiles) character file.

Game seed: 4638404296427208477, levelgen mode: deterministic

93 Blackhawk the Magician (level 4, -2/34 HPs)
             Began as a Gnoll Wanderer on Dec 8, 2019.
             Was an Initiate of Ru.
             Slain by an ogre
             ... wielding a +0 giant spiked club
              (27 damage)
             ... on level 4 of the Dungeon.
             The game lasted 00:05:20 (4395 turns).

Blackhawk the Magician (Gnoll Wanderer)             Turns: 4395, Time: 00:05:20

Health: -2/34      AC:  5    Str: 15    XL:     4   Next: 61%
Magic:  13/13      EV: 11    Int: 16    God:    Ru [......]
Gold:   204        SH:  2    Dex: 13    Spells: 16/17 levels left

rFire    . . .     SeeInvis .   m - +0 hand axe
rCold    . . .     Gourm    .   (no shield)
rNeg     . . .     Faith    .   i - +0 ring mail
rPois    .         Spirit   .   (no helmet)
rElec    .         Reflect  +   (no cloak)
rCorr    .         Harm     .   (no gloves)
MR       .....                  (no boots)
Stlth    +.........             h - +2 amulet of reflection
HPRegen  0.11/turn              (no ring)
MPRegen  0.13/turn              (no ring)

@: no status effects
A: distributed training, fangs 1, strong nose
a: Renounce Religion


You were on level 4 of the Dungeon.
You worshipped Ru.
Ru was noncommittal.
You were hungry.

You visited 2 branches of the dungeon, and saw 5 of its levels.

You collected 204 gold pieces.

Inventory:

Hand Weapons
 a - a +0 club
 l - a +0 dagger
 m - a +0 hand axe (weapon)
Missiles
 q - 7 boomerangs (quivered)
Armour
 c - a +0 robe
 i - a +0 ring mail (worn)
Jewellery
 g - an uncursed amulet of rage
 h - a +2 amulet of reflection (around neck)
 o - an uncursed amulet of faith {unknown}
Wands
 u - a wand of disintegration (6)
Scrolls
 b - 3 scrolls of teleportation
 d - 7 scrolls of identify {unknown}
 e - a scroll of enchant weapon {unknown}
 k - 3 scrolls of remove curse {unknown}
 t - a scroll of amnesia {unknown}
Potions
 j - 2 potions of might {unknown}
 p - a potion of cancellation {unknown}
 r - a potion of curing {unknown}
 s - a potion of magic
Comestibles
 f - 6 rations


   Skills:
 + Level 2.8 Fighting
 + Level 1.2 Short Blades
 + Level 1.2 Long Blades
 + Level 1.2 Axes
 + Level 1.2 Maces & Flails
 + Level 1.2 Polearms
 + Level 1.2 Staves
 + Level 1.2 Slings
 + Level 1.2 Bows
 + Level 1.2 Crossbows
 + Level 1.2 Throwing
 + Level 1.2 Armour
 + Level 2.8 Dodging
 + Level 2.6 Stealth
 + Level 1.2 Shields
 + Level 2.8 Unarmed Combat
 + Level 7.2 Spellcasting
 + Level 1.0 Conjurations
 + Level 1.0 Hexes
 + Level 2.2 Charms
 + Level 1.0 Summonings
 + Level 1.0 Necromancy
 + Level 1.0 Translocations
 + Level 1.0 Transmutations
 + Level 1.0 Fire Magic
 + Level 2.2 Ice Magic
 + Level 1.0 Air Magic
 + Level 1.0 Earth Magic
 + Level 1.0 Poison Magic
 + Level 1.3 Invocations
 + Level 2.8 Evocations


You had 16 spell levels left.
You knew the following spells:

 Your Spells              Type           Power        Failure   Level  Hunger
a - Freeze                Ice            ##..         9%          1    None

Your spell library contained the following spells:

 Spells                   Type           Power        Failure   Level  Hunger
 Confusing Touch          Hex            #.....       16%         1    None
 Ozocubu's Armour         Chrm/Ice       ##......     26%         3    ##.....
 Confuse                  Hex            #.......     43%         3    ##.....
 Gell's Gravitas          Tloc           #.........   43%         3    ##.....
 Hailstorm                Conj/Ice       ##......     75%         4    ####...
 Summon Ice Beast         Ice/Summ       ##......     75%         4    ####...
 Petrify                  Tmut/Erth      #.......     83%         4    ####...
 Metabolic Englaciation   Hex/Ice        ##........   97%         5    #####..
 Yara's Violent Unravell  Hex/Tmut       #.........   99%         5    #####..


Dungeon Overview and Level Annotations

Branches:
Dungeon (4/15)             Temple (1/1) D:4

Altars:
Ashenzari
Cheibriados
Elyvilon
Hepliaklqana
Kikubaaqudgha
Qazlal
Ru
Trog
Uskayaw
Wu Jian
Xom
The Shining One

Annotations:
D:4 2 transporters, hbr223's ghost, amateur HaAr


Innate Abilities, Weirdness & Mutations

Your experience applies equally to all skills.
You have very sharp teeth.
Your uncanny sense of smell can sniff out nearby items.


Message History

The ogre hits you with a +0 giant spiked club!
You are too injured to fight recklessly!
You are too injured to fight recklessly!
You are too injured to fight recklessly!
You are too injured to fight recklessly!
You are too injured to fight recklessly!
You are too injured to fight recklessly!
You are too injured to fight recklessly!
You are too injured to fight recklessly!
You are too injured to fight recklessly!
You are too injured to fight recklessly!
You are too injured to fight recklessly!
You are too injured to fight recklessly!
You hit the ogre. You punch the ogre.
The ogre is heavily wounded.
You hit the ogre.
The ogre is severely wounded.
The ogre hits you with a +0 giant spiked club!!
Ouch! That really hurt!
You die...

##.#.#.## #.###.#
##...## #.# #.## ##.##
#.###... #.# #.......
#.#######>#.##..
#...<.......##..
#..######.####..
########..#### #....)..
#....O@......# ######..
#.######..##.########..
#...............
##.##.##<.......
#.........#####
####.###.## #.....#
#####.# ..# #.#


You could see an ogre.

Vanquished Creatures
  4 adders
  An ooze (D:4)
  3 dart slugs
  A worm (D:2)
  A leopard gecko (D:2)
  A ball python (D:2)
  6 bats
  A giant cockroach (D:2)
  2 goblins (D:1)
  8 hobgoblins
  4 jackals
  A kobold (D:1)
  A quokka (D:3)
  2 frilled lizards
  2 leopard gecko skeletons (D:4)
  A quokka skeleton (D:4)
  5 rats
44 creatures vanquished.

Notes
Turn   | Place    | Note
-------+----------+-------------------------------------------
     0 | D:1      | Blackhawk the Gnoll Wanderer began the quest for the Orb.
     0 | D:1      | Blackhawk set off with the following items: a +0 club, a
                  | scroll of teleportation, a +0 robe, a ration; and the
                  | following spell memorised: Freeze; and the following spells
                  | available to memorise: Ozocubu's Armour, Hailstorm, Summon
                  | Ice Beast
     0 | D:1      | Reached XP level 1. HP: 17/17 MP: 8/8
   403 | D:1      | Reached XP level 2. HP: 10/23 MP: 10/10
  1678 | D:2      | Reached XP level 3. HP: 22/28 MP: 11/11
  1801 | D:2      | Found a snail-covered altar of Cheibriados.
  2048 | D:2      | Reached skill level 1 in Invocations
  2687 | D:2      | Reached skill level 1 in Short Blades
  2687 | D:2      | Reached skill level 1 in Long Blades
  2687 | D:2      | Reached skill level 1 in Axes
  2687 | D:2      | Reached skill level 1 in Maces & Flails
  2687 | D:2      | Reached skill level 1 in Polearms
  2687 | D:2      | Reached skill level 1 in Staves
  2687 | D:2      | Reached skill level 1 in Slings
  2687 | D:2      | Reached skill level 1 in Bows
  2687 | D:2      | Reached skill level 1 in Crossbows
  2687 | D:2      | Reached skill level 1 in Throwing
  2687 | D:2      | Reached skill level 1 in Armour
  2687 | D:2      | Reached skill level 1 in Shields
  3053 | D:2      | Reached XP level 4. HP: 3/34 MP: 13/13
  3525 | D:3      | Found a faded altar of an unknown god.
  3832 | D:4      | Found a staircase to the Ecumenical Temple.
  3851 | Temple   | Entered the Ecumenical Temple
  3944 | Temple   | Became a worshipper of Ru the Awakened
  4205 | D:4      | Reached skill level 1 in Conjurations
  4205 | D:4      | Reached skill level 1 in Hexes
  4205 | D:4      | Reached skill level 1 in Summonings
  4205 | D:4      | Reached skill level 1 in Necromancy
  4205 | D:4      | Reached skill level 1 in Translocations
  4205 | D:4      | Reached skill level 1 in Transmutations
  4205 | D:4      | Reached skill level 1 in Fire Magic
  4205 | D:4      | Reached skill level 1 in Air Magic
  4205 | D:4      | Reached skill level 1 in Earth Magic
  4205 | D:4      | Reached skill level 1 in Poison Magic
  4213 | D:4      | Found a transporter.
  4248 | D:4      | Found a bloodstained altar of Trog.
  4275 | D:4      | Identified the +11 spear "Qisonab" {vamp, rPois Str+2}
  4307 | D:4      | Found a transporter.
  4319 | D:4      | Noticed hbr223's ghost (amateur HaAr)
  4385 | D:4      | Noticed an ogre
  4395 | D:4      | Slain by an ogre

Levels and vault maps discovered:
D:1:      roderic_crop_circles_arrival_large, layout_basic
D:2:      layout_loops_ring, cheibriados_altar_1
D:3:      layout_rooms, chequers_ecumenical_altar_simple_redux
D:4:      layout_loops_ring, grunt_dithmenos_shadows, minmay_temple_entry_grid,
          gammafunk_ghost_gnarly_gnolls, bloody_trog
Temple:   jpeg_temple_clearing

Skill      XL: |  1  2  3  4 |
---------------+-------------+-----
Charms         | 2 |  2.2
Ice Magic      | 2 |  2.2
Invocations    | 1 |  1.3
Short Blades   | 1 |  1.2
Long Blades    | 1 |  1.2
Axes           | 1 |  1.2
Maces & Flails | 1 |  1.2
Polearms       | 1 |  1.2
Staves         | 1 |  1.2
Slings         | 1 |  1.2
Bows           | 1 |  1.2
Crossbows      | 1 |  1.2
Throwing       | 1 |  1.2
Armour         | 1 |  1.2
Shields        | 1 |  1.2
Conjurations   | 1 |  1.0
Hexes          | 1 |  1.0
Summonings     | 1 |  1.0
Necromancy     | 1 |  1.0
Translocations | 1 |  1.0
Transmutations | 1 |  1.0
Fire Magic     | 1 |  1.0
Air Magic      | 1 |  1.0
Earth Magic    | 1 |  1.0
Poison Magic   | 1 |  1.0
Fighting       | |  2.8
Dodging        | |  2.8
Stealth        | |  2.6
Unarmed Combat | |  2.8
Spellcasting   | |  7.2
Evocations     | |  2.8

Action                   |  1- 3 |  4- 6 || total
-------------------------+-------+-------++-------
Melee: Club              |    74 |       ||    74
       Bite              |    16 |     8 ||    24
       Dagger            |   108 |    17 ||   125
       Punch             |     2 |     1 ||     3
       Hand axe          |       |    43 ||    43
  Use: Potion            |     4 |     1 ||     5
 Stab: Sleeping          |     1 |       ||     1
  Eat: Chunk             |     3 |     4 ||     7
       Ration            |     1 |       ||     1
Armor: Robe              |    13 |       ||    13
       Ring mail         |    67 |    16 ||    83
Dodge: Dodged            |   144 |    31 ||   175
Block: Other             |     1 |     1 ||     2

Table legend:
 A = Non-vault XP
 B = Vault XP
 C = Vault XP percentage of total XP
 D = Non-vault monster count
 E = Vault monster count
 F = Vault count percentage of total count
                 A         B        C        D         E       F
            +---------+---------+-------+---------+---------+-------
      Total |     133 |       0 |   0.0 |      44 |       0 |   0.0
            +---------+---------+-------+---------+---------+-------
        D:1 |      33 |       0 |   0.0 |      17 |       0 |   0.0
        D:2 |      56 |       0 |   0.0 |      11 |       0 |   0.0
        D:3 |      29 |       0 |   0.0 |       9 |       0 |   0.0
        D:4 |      15 |       0 |   0.0 |       7 |       0 |   0.0
            +---------+---------+-------+---------+---------+-------
